 Dungeon Crawl Stone Soup version 0.20.1-1-g8b1a95d (webtiles) character file.

313 ChromeMolly the Sneak (level 6, -1/41 HPs)
             Began as an Octopode Skald on Dec 27, 2017.
             Slain by a white imp (2 damage)
             ... summoned by Natasha
             ... on level 3 of the Dungeon.
             The game lasted 00:21:02 (2795 turns).

ChromeMolly the Sneak (Octopode Skald)              Turns: 2795, Time: 00:21:02

Health: -1/41      AC:  1    Str: 13    XL:     6   Next: 43%
Magic:  6/9        EV: 14    Int: 16    God:
Gold:   107        SH:  0    Dex: 13    Spells: 1/9 levels left

rFire    . . .     SeeInvis .   e - +0 dagger
rCold    . . .     Gourm    .   (no shield)
rNeg     . . .     Faith    .   (helmet restricted)
rPois    .         Spirit   .   (no amulet)
rElec    .         Reflect  .   d - +3 ring of strength
rCorr    .         Harm     .   (no ring)
MR       .....                  (no ring)
Stlth    ++++......             (no ring)
Regen    0.2/turn               (no ring)
MPRegen  0.2/turn               (no ring)
                                (no ring)
                                (no ring)

@: infused (expiring)
A: almost no armour, stealthy swim, amphibious, 8 rings, constrict 8, camouflage
1, gelatinous body 1
a: no special abilities


You were on level 3 of the Dungeon.
You were not hungry.

You visited 1 branch of the dungeon, and saw 3 of its levels.

You collected 107 gold pieces.

Inventory:

Hand Weapons
 e - a +0 dagger (weapon)
 l - a +0 hand axe
Missiles
 i - 3 needles of confusion
 m - 119 stones (quivered)
Armour
 n - a +0 shield
Jewellery
 d - a +3 ring of strength (left tentacle)
Scrolls
 o - a scroll of teleportation {unknown}
 p - 2 scrolls of magic mapping {unknown}
 q - a scroll of identify {unknown}
Potions
 a - a potion of heal wounds {unknown}
 f - 2 potions of curing {unknown}
 g - a potion of berserk rage {unknown}
 k - a potion of magic {unknown}
 r - a potion of brilliance {unknown}
Books
 b - a book of Battle

   Spells                             Type                      Level
   a - Infusion                       Charms                       1
   b - Shroud of Golubria             Charms/Translocation         2
   c - Song of Slaying                Charms                       2
   d - Spectral Weapon                Hexes/Charms                 3
   e - Regeneration                   Charms/Necromancy            3
Comestibles
 c - a bread ration
 h - a royal jelly
 j - 8 fruits


   Skills:
 + Level 2.4 Fighting
 + Level 3.4 Short Blades
 + Level 0.8 Throwing
 + Level 3.0 Dodging
 * Level 4.9 Stealth
 * Level 1.7 Shields
 + Level 2.2 Spellcasting
 + Level 3.6 Charms


You had one spell level left.
You knew the following spells:

 Your Spells              Type           Power        Failure   Level  Hunger
a - Infusion              Chrm           ##..         4%          1    #......
b - Song of Slaying       Chrm           ##......     7%          2    ###....
c - Shroud of Golubria    Chrm/Tloc      #.........   14%         2    ###....
d - Spectral Weapon       Hex/Chrm       #.......     28%         3    ###....


Dungeon Overview and Level Annotations

Branches:
Dungeon (3/15)

Altars:
Ashenzari
Hepliaklqana
Trog
Xom

Annotations:
D:3 1 runed door, ChromeMolly's ghost, amateur OpSk; Natasha


Innate Abilities, Weirdness & Mutations

You cannot wear most types of armour.
You are very stealthy in the water. (Stealth+)
You are amphibious.
You can wear up to eight rings at the same time.
You can use your tentacles to constrict eight enemies at once.
Your skin changes colour to match your surroundings (Stealth+).
Your rubbery body absorbs attacks. (AC +1, EV +1)


Message History

Your magical infusion is running out.
The white imp gestures at you. The puff of frost hits you!
* * * LOW HITPOINT WARNING * * *
You hit Natasha. You grab Natasha.
Natasha is lightly wounded.
You constrict Natasha. The crimson imp closely misses you.
Natasha barely misses you. The white imp hits you.
* * * LOW HITPOINT WARNING * * *
The white imp freezes you.
* * * LOW HITPOINT WARNING * * *
You hit Natasha.
Natasha is heavily wounded.
You constrict Natasha. The crimson imp hits you.
* * * LOW HITPOINT WARNING * * *
Natasha closely misses you.
You hit Natasha.
Natasha is heavily wounded.
You constrict Natasha. The white imp hits you.
You die...

##.......## > #.........#
#.........##. #...[...<.#..
#############...........#
###
...........................
#..
##############.......#....#
##.# # ##..5.....##.. ##...
# #.@5.##### #.##.... #
#.h.## #.#..... # ###5#
#....._. # #.#### #..... #
#...5# ##.... ###♣♣ ####h#
##... ....♣♣ ♣♣# #.# ##.#
.....♣♣♣♣.+ #.# #.#
......♣..♣# #.## #..


You could see Natasha, 2 crimson imps and a white imp.

Vanquished Creatures
  Sigmund (D:3)
  Natasha (twice) (D:3)
  6 adders
  An ooze (D:2)
  3 dart slugs
  2 leopard geckos
  5 giant cockroaches
  4 goblins
  10 hobgoblins
  4 kobolds
  2 ball pythons
  3 bats
  4 frilled lizards
  4 rats
51 creatures vanquished.

Notes
Turn   | Place    | Note
-------+----------+-------------------------------------------
     0 | D:1      | ChromeMolly the Octopode Skald began the quest for the Orb.
     0 | D:1      | Reached XP level 1. HP: 14/14 MP: 3/3
   242 | D:1      | You fall through a shaft!
   244 | D:2      | Reached XP level 2. HP: 13/19 MP: 5/5
   778 | D:2      | Reached XP level 3. HP: 21/24 MP: 6/6
   780 | D:2      | Reached skill level 1 in Stealth
   789 | D:2      | Learned a level 2 spell: Song of Slaying
   792 | D:2      | Learned a level 2 spell: Shroud of Golubria
   811 | D:2      | Noticed Sigmund
  1503 | D:2      | Found a shimmering altar of Xom.
  1508 | D:2      | Reached skill level 2 in Stealth
  1638 | D:3      | Found a shattered altar of Ashenzari.
  1647 | D:3      | Reached XP level 4. HP: 25/30 MP: 3/7
  1764 | D:3      | Found a bloodstained altar of Trog.
  1780 | D:3      | Found a hazy altar of Hepliaklqana.
  1790 | D:3      | Noticed Natasha
  1797 | D:3      | Killed Natasha
  1866 | D:3      | Reached skill level 3 in Stealth
  2138 | D:3      | Reached XP level 5. HP: 35/35 MP: 8/8
  2145 | D:3      | Noticed Natasha
  2155 | D:3      | Killed Natasha
  2176 | D:3      | Reached skill level 1 in Shields
  2511 | D:3      | Noticed Natasha
  2512 | D:3      | Noticed ChromeMolly's ghost (amateur OpSk)
  2519 | D:3      | Reached skill level 4 in Stealth
  2560 | D:3      | Killed Sigmund
  2560 | D:3      | Reached XP level 6. HP: 21/41 MP: 3/9
  2718 | D:3      | Learned a level 3 spell: Spectral Weapon
  2728 | D:3      | Found a runed door.
  2794 | D:3      | HP: 1/41 [crimson imp[Natasha] (3)]
  2795 | D:3      | Slain by a white imp

Skill      XL: |  1  2  3  4  5 |
---------------+----------------+-----
Stealth        | 2 3 4 |  4.9
Short Blades   | 3 |  3.4
Shields        | 1 |  1.7
Dodging        | 3 |  3.0
Fighting       | |  2.4
Throwing       | |  0.8
Spellcasting   | |  2.2
Charms         | |  3.6

Action                   |  1- 3 |  4- 6 || total
-------------------------+-------+-------++-------
Melee: Short sword       |    38 |       ||    38
       Constrict         |    14 |    10 ||    24
       Tentacles         |     4 |     7 ||    11
       Dagger            |    19 |    47 ||    66
Throw: Stone             |     2 |    16 ||    18
 Cast: Infusion          |     2 |     5 ||     7
       Song of Slaying   |       |     1 ||     1
  Use: Scroll            |     3 |       ||     3
 Stab: Sleeping          |    12 |     4 ||    16
  Eat: Chunk             |     2 |     4 ||     6
Armor: Skin              |     4 |     2 ||     6
Dodge: Dodged            |    27 |    32 ||    59
